 Dungeon Crawl Stone Soup version 0.31-a0-977-gc230f8ef24 (webtiles) character file.

Game seed: 18591460056903010

480 jasper the Trooper (level 7, -3/74 HPs)
             Began as an Ogre Fighter on Oct 29, 2023.
             Was a Follower of Wu Jian.
             Slain by an orc priest
             ... wielding a +0 falchion
              (5 damage)
             ... on level 4 of the Dungeon.
             The game lasted 00:05:20 (2961 turns).

jasper the Trooper (Ogre Fighter)                   Turns: 2961, Time: 00:05:21

Health: -3/74      AC:  3    Str: 23    XL:     7   Next: 11%
Magic:  16/16      EV:  8    Int:  9    God:    Wu Jian [*.....]
Gold:   91         SH:  8    Dex:  8    Spells: 6/6 levels left

rFire   . . .        a - +0 war axe
rCold   . . .        c - +0 kite shield
rNeg    . . .        b - +0 robe
rPois   +            (helmet restricted)
rElec   .            (no cloak)
rCorr   .            (gloves unavailable)
SInv    .            (boots unavailable)
Will    .....        (no amulet)
Stlth   +            i - ring of magical power
HPRegen 0.32/turn    n - ring of poison resistance
MPRegen 0.15/turn

%: no passive effects
@: no status effects
A: large, unfitting armour, tough skin 1
a: Renounce Religion


You were on level 4 of the Dungeon.
You worshipped Wu Jian.
Wu Jian was aware of your devotion.
You visited 1 branch of the dungeon, and saw 6 of its levels.
You also visited: Sewer.

You collected 91 gold pieces.

Inventory:

Hand Weapons
 a - a +0 war axe (weapon)
Missiles
 f - 2 stones (quivered)
 k - a boomerang
Armour
 b - a +0 robe (worn)
 c - a +0 kite shield (worn)
Jewellery
 i - a ring of magical power (left hand)
 n - a ring of poison resistance (right hand)
Wands
 l - a wand of digging (5)
Scrolls
 h - a scroll of fog
 j - 3 scrolls of teleportation
Potions
 d - a potion of cancellation {unknown}
 e - a potion of resistance
 g - a potion of ambrosia {unknown}
 m - a potion of berserk rage {unknown}
 o - 2 potions of brilliance {unknown}
 q - a potion of mutation {unknown}
 r - a potion of heal wounds {unknown}
 s - a potion of haste {unknown}


   Skills:
 + Level 5.7 Fighting
 * Level 4.9 Axes
 + Level 2.9 Throwing
 - Level 2.6 Dodging
 + Level 4.3 Shields


You had 6 spell levels left.
You didn't know any spells.
Your spell library was empty.

Dungeon Overview and Level Annotations

Branches:
Dungeon (6/15)              Sewer (visited)
 Temple: D:4-7

Altars:
Elyvilon
Wu Jian


Innate Abilities, Weirdness & Mutations

You are too large for most types of armour.
You have tough skin. (AC +1)


Message History

The orc priest hits you with a +0 falchion.
You take 2 damage, and have 34/74 hp.
You slash the orc!
You kill the orc!
The Council accepts your kill.
You slash the orc priest!
The orc priest hits you with a +0 falchion!
You take 7 damage, and have 27/74 hp.
You closely miss the orc priest.
The orc priest is severely wounded.
The orc priest mumbles some strange prayers to Beogh against you.
Beogh smites you!
* * * LOW HITPOINT WARNING * * *
The orc priest closely misses you.
You take 13 damage, and have 14/74 hp.
You hit the orc priest.
The orc priest is almost dead.
The orc priest hits you but does no damage.
You hit the orc priest but do no damage.
The orc priest is almost dead.
The orc priest closely misses you.
You barely miss the orc priest.
The orc priest is almost dead.
You block the orc priest's attack.
The orc priest mumbles some strange prayers to Beogh against you.
Beogh smites you!
* * * LOW HITPOINT WARNING * * *
You take 14 damage, and have 1/74 hp.
You barely miss the orc priest.
The orc priest is almost dead.
The orc priest calls down the wrath of Beogh upon you.
You struggle to resist.
You barely miss the orc priest.
The orc priest is almost dead.
The orc priest looks braver for a moment.
You barely miss the orc priest.
The orc priest is almost dead.
You block the orc priest's attack.
The orc priest hits you with a +0 falchion.
You die...

## . #. #####.###
#.....o)# .# #.#@#
.# #.#)##.#
#.#.##.##### #
#.#.#.......
#..[##.#(#.......
#(..††(....# #.##
#####
#.o.o........#
#...#.....
#..#.###.#...# #.#
o #
#<#[.†######.#####


You could see an orc priest.

Vanquished Creatures
  A kobold brigand (Sewer)
  Blork the orc (D:5)
  2 scorpions (D:4)
  An orc priest (D:3)
  A sleepcap (D:4)
  7 adders
  5 river rats
  2 worms (D:3)
  6 orcs
  6 ball pythons
  A bat (D:3)
  4 endoplasms
  A giant cockroach (D:3)
  2 hobgoblins
  3 jackals (Sewer)
  5 quokkas
  5 frilled lizards
  A goblin (D:3)
  7 kobolds
  11 rats
72 creatures vanquished.

Notes
Turn   | Place    | Note
-------+----------+-------------------------------------------
     0 | D:1      | jasper the Ogre Fighter began the quest for the Orb.
     0 | D:1      | Reached XP level 1. HP: 24/24 MP: 1/1
   210 | D:1      | Reached XP level 2. HP: 32/32 MP: 2/2
  1115 | D:3      | Found a white marble altar of Elyvilon.
  1291 | D:3      | Reached skill level 1 in Throwing
  1291 | D:3      | Reached XP level 3. HP: 40/40 MP: 3/3
  1348 | D:3      | Reached XP level 4. HP: 47/49 MP: 4/4
  1569 | D:3      | Found a glowing drain.
  1603 | Sewer    | Entered a sewer
  1635 | Sewer    | Reached XP level 5. HP: 47/55 MP: 5/5
  1804 | Sewer    | Reached skill level 5 in Fighting
  1808 | Sewer    | Noticed a kobold brigand
  1821 | Sewer    | Killed a kobold brigand
  1824 | Sewer    | Reached XP level 6. HP: 48/66 MP: 6/6
  2483 | D:3      | Found a faded altar of an unknown god.
  2541 | D:3      | Prayed at the altar of an unknown god.
  2541 | D:3      | Became a worshipper of the Wu Jian Council
  2541 | D:3      | Reached * piety under Wu Jian
  2594 | D:3      | You fall into a shaft and drop 3 floors!
  2644 | D:5      | Entered Level 5 of the Dungeon
  2665 | D:5      | Noticed Blork the orc
  2681 | D:5      | Killed Blork the orc
  2917 | D:4      | Reached XP level 7. HP: 43/74 MP: 7/7
  2958 | D:4      | HP: 1/74 [orc priest/divine providence (15)]
  2961 | D:4      | Slain by an orc priest

Illustrated notes

Levels and vault maps discovered:
D:1:      eino_arrival_water_star, layout_basic, interstate_on_off
D:2:      layout_basic, basic_altar, kennysheep_another_room
D:3:      layout_loops_ring, mainiacjoe_overflow_brackets, portal_sewer_entry_a,
          chequers_ecumenical_altar_grove
D:4:      layout_loops_ring, uniq_eustachio
D:5:      layout_basic, minmay_temple_entry_glassed_door, uniq_blork_the_orc,
          uniq_prince_ribbit1
D:6:      layout_loops_cross, grunt_decor_one_mirror, nicolae_hexahallways

Skill      XL: |  1  2  3  4  5  6 |
---------------+-------------------+-----
Throwing       | 1 2 |  2.9
Axes           | 3 4 |  4.9
Fighting       | 5 |  5.7
Shields        | 4 |  4.3
Dodging        | |  2.6

Action                     |  1- 3 |  4- 6 |  7- 9 || total
---------------------------+-------+-------+-------++-------
  Melee: War axe           |    80 |   133 |    20 ||   233
  Throw: Stone             |     8 |    13 |     3 ||    24
         Dart              |       |     4 |       ||     4
Ability: Lunge             |       |     2 |     1 ||     3
    Use: Scroll            |     2 |     2 |       ||     4
         Potion            |     1 |     2 |       ||     3
 Armour: Robe              |    57 |    74 |    17 ||   148
  Dodge: Dodged            |    35 |    59 |     3 ||    97
  Block: Kite shield       |    45 |    47 |     7 ||    99

Table legend: (Time is in decaauts)
 A = Elapsed time spent in this place.
 B = Non-inter-level travel time spent in this place.
 C = Inter-level travel time spent in this place.
 D = Time resting spent in this place.
 E = Time spent auto-exploring this place.
 F = Levels seen in this place.
 G = Mean time per level.
                   A        B        C        D        E       F      G
               +--------+--------+--------+--------+--------+-----+--------+
         Total |   3068 |   3028 |     40 |     51 |   2300 |   7 |  438.3 |
       Dungeon |   2383 |   2343 |     40 |     44 |   1770 |   6 |  397.2 |
         Sewer |    685 |    685 |      0 |      7 |    530 |   1 |  685.0 |
               +--------+--------+--------+--------+--------+-----+--------+

Top non-repeatable levels by time:
     D:1: 1112 daAuts
     D:3: 876 daAuts
   Sewer: 685 daAuts
     D:4: 232 daAuts
     D:5: 100 daAuts
     D:6: 56 daAuts
     D:2: 4 daAuts
